 Dungeon Crawl Stone Soup version 0.26-a0-639-g72c4674 (webtiles) character file.

Game seed: 16566686767614226537

149 DrKleor the Skirmisher (level 5, -2/44 HPs)
             Began as a Formicid Fighter on Sept 15, 2020.
             Slain by a howler monkey (6 damage)
             ... on level 3 of the Dungeon.
             The game lasted 00:04:42 (2912 turns).

DrKleor the Skirmisher (Formicid Fighter)           Turns: 2912, Time: 00:04:43

Health: -2/44      AC:  6    Str: 21    XL:     5   Next: 57%
Magic:  5/5        EV:  7    Int:  8    God:
Gold:   113        SH:  9    Dex: 10    Spells: 4/4 levels left

rFire    . . .     SeeInvis +   a - +0 war axe
rCold    . . .     Faith    .   c - +0 kite shield
rNeg     . . .     Spirit   .   b - +0 scale mail
rPois    .         Reflect  .   (helmet unavailable)
rElec    .         Harm     .   (no cloak)
rCorr    .         Rampage  .   (no gloves)
MR       .....                  (no boots)
Stlth    ..........             o - amulet of the acrobat
HPRegen  0.14/turn              p - ring of wizardry
MPRegen  0.09/turn              (no ring)

@: no status effects
A: permanent stasis, dig shafts and tunnels, four strong arms, antennae 3
a: Dig, Shaft Self


You were on level 3 of the Dungeon.
You visited 1 branch of the dungeon, and saw 4 of its levels.

You collected 113 gold pieces.

Inventory:

Hand Weapons
 a - a +0 war axe (weapon)
Missiles
 f - 3 silver javelins (quivered)
Armour
 b - a +0 scale mail (worn)
 c - a +0 kite shield (worn)
Jewellery
 o - an amulet of the acrobat (around neck)
 p - a ring of wizardry (left hand)
Wands
 n - a wand of polymorph (12)
 q - a wand of iceblast (11)
Scrolls
 e - a scroll of fear {unknown}
 g - a scroll of enchant armour {unknown}
 i - a scroll of remove curse {unknown}
 l - 4 scrolls of identify {unknown}
 m - 2 scrolls of enchant weapon {unknown}
 r - a scroll of amnesia {unknown}
 s - a scroll of fog {unknown}
Potions
 d - a potion of might
 h - 2 potions of resistance {unknown}
 j - 2 potions of curing {unknown}
 k - a potion of ambrosia {unknown}


   Skills:
 + Level 5.0 Fighting
 + Level 4.0 Axes
 - Level 3.2 Armour
 - Level 3.6 Shields


You had 4 spell levels left.
You didn't know any spells.
Your spell library was empty.

Dungeon Overview and Level Annotations

Branches:
Dungeon (4/15)
 Temple: D:4-7

Altars:
Nemelex Xobeh
Qazlal

Annotations:
D:4 Eustachio


Innate Abilities, Weirdness & Mutations

You cannot be hasted, slowed, berserked, paralysed or teleported.
You can dig through walls and to a lower floor.
Your four strong arms can wield two-handed weapons with a shield.
You have a pair of large antennae on your head. (SInv)


Message History

* * * LOW HITPOINT WARNING * * *
You closely miss the hound.
The hound is severely wounded.
The hound barely misses you.
The howler monkey hoots and howls with incredible vigour!
The hound bites you but does no damage.
You hit the hound but do no damage.
The hound is severely wounded.
The hound bites you.
* * * LOW HITPOINT WARNING * * *
The hound bites you.
* * * LOW HITPOINT WARNING * * *
You slash the hound!
You kill the hound!
Your Fighting skill increases to level 5!
Your Axes skill increases to level 4!
The howler monkey hits you.
* * * LOW HITPOINT WARNING * * *
You closely miss the howler monkey. The howler monkey hits you.
You die...

####### ##......
##....... ########
##........
#......#########.........
#.####.h@....##..........
#.# #########...........
#.# #....).8≈≈≈≈ #.#
####......≈≈≈≈≈ #.#
#..#......≈§§≈≈ #.#
#.##......≈≈§≈≈ #.#
##.##......≈≈≈≈≈ #.#
#..##......8§≈≈≈ #.#
#.###...........


You could see a howler monkey.

Vanquished Creatures
  A hound (D:3)
  4 adders (D:2)
  An ooze (D:2)
  2 worms (D:2)
  A dart slug (D:2)
  3 leopard geckos
  2 orcs (D:3)
  2 ball pythons
  4 bats
  2 giant cockroaches (D:1)
  6 goblins
  8 hobgoblins
  7 jackals (D:1)
  9 kobolds
  6 frilled lizards
  7 rats
65 creatures vanquished.

Notes
Turn   | Place    | Note
-------+----------+-------------------------------------------
     0 | D:1      | DrKleor the Formicid Fighter began the quest for the Orb.
     0 | D:1      | Reached XP level 1. HP: 18/18 MP: 1/1
   103 | D:1      | Reached XP level 2. HP: 23/24 MP: 2/2
   498 | D:1      | Reached XP level 3. HP: 30/30 MP: 3/3
   587 | D:1      | Reached skill level 4 in Fighting
  1149 | D:2      | Reached XP level 4. HP: 37/37 MP: 4/4
  1659 | D:2      | Found a stormy altar of Qazlal.
  1773 | D:2      | Reached XP level 5. HP: 38/43 MP: 5/5
  2568 | D:3      | Found a sparkling altar of Nemelex Xobeh.
  2885 | D:4      | Noticed Eustachio
  2911 | D:3      | Reached skill level 5 in Fighting
  2912 | D:3      | Slain by a howler monkey

Illustrated notes

Levels and vault maps discovered:
D:1:      eino_arrival_tree_alley, layout_loops_ring, serial_rivers,
          chequers_serial_rivers_micro_d, chequers_serial_rivers_micro_a,
          chequers_serial_rivers_micro_a, chequers_serial_rivers_micro_d
D:2:      layout_basic, lemuel_doored_altar
D:3:      layout_loops_ring, lemuel_crystal_altar, kennysheep_big_empty_room
D:4:      layout_cave_pools, temple_pool_b, uniq_grinder, uniq_eustachio

Skill      XL: |  1  2  3  4  5 |
---------------+----------------+-----
Fighting       | 4 5 |  5.0
Axes           | 3 4 |  4.0
Armour         | |  3.2
Shields        | |  3.6

Action                   |  1- 3 |  4- 6 || total
-------------------------+-------+-------++-------
Melee: War axe           |   113 |    97 ||   210
Armor: Scale mail        |    58 |    38 ||    96
Dodge: Dodged            |    46 |    45 ||    91
Block: Kite shield       |    62 |    72 ||   134

Table legend: (Time is in decaauts)
 A = Elapsed time spent in this place.
 B = Non-inter-level travel time spent in this place.
 C = Inter-level travel time spent in this place.
 D = Time resting spent in this place.
 E = Time spent auto-exploring this place.
 F = Levels seen in this place.
 G = Mean time per level.
                   A        B        C        D        E       F      G
               +--------+--------+--------+--------+--------+-----+--------+
         Total |   2996 |   2911 |     85 |    524 |   1820 |   4 |  749.0 |
       Dungeon |   2996 |   2911 |     85 |    524 |   1820 |   4 |  749.0 |
               +--------+--------+--------+--------+--------+-----+--------+

Top non-repeatable levels by time:
     D:2: 1286 daAuts
     D:1: 962 daAuts
     D:3: 736 daAuts
     D:4: 12 daAuts
